AoeStats
← jbw6792

Arabia

510512097Analyzed
4v4 RM · 12h ago on Oct 1, 2026· 43m 56s· 8 players
Game mode
Random Map
Map size
Large (8 player)
Population
200
Speed
Normal
Resources
Standard
Victory
Conquest
Starting age
Dark Age
Ending age
Imperial Age
RankedLock teamsTeams togetherTeam positionsShared explorationLock speedFull tech treeHidden civsTurbo modeCheats
Victory
Defeat
🇨🇳 Shu · China
908
+15
🇫🇷 Khmer · France
904
+16
🇦🇺 Varangians · Australia
892
+16
🇦🇷 Mongols · Argentina
883
+16
🇨🇳 Persians · China
927
-16
🇨🇳 Byzantines · China
892
-16
🇨🇳 Bulgarians · China
889
-16
🇨🇳 Teutons · China
874
-15
jbw6792
11:32 Feudal Age
15:23 Castle Age
13:42 Double-Bit Axe
17:01 Horse Collar
19:52 Bloodlines
24:18 Wheelbarrow
24:40 Stone Mining
29:05 Hand Cart
31:40 Imperial Age
30:32 Forging
30:30 Scale Barding Armor
32:13 Bow Saw
32:09 Heavy Plow
32:03 Gold Mining
32:49 Stone Shaft Mining
32:29 Gothikon
33:25 Loom
33:19 Cavalier
34:02 Husbandry
34:29 Chain Barding Armor
34:45 Iron Casting
35:05 Conscription
37:04 Plate Barding Armor
36:34 Scale Mail Armor
36:28 Vendel Legacy
38:37 Elite Jarl
39:43 Elite Varangian Guard
40:27 Squires
41:26 Chain Mail Armor
45:03 Blast Furnace
44:34 Plate Mail Armor
Inferno-_-
9:24 Feudal Age
11:21 Bloodlines
12:15 Forging
14:44 Double-Bit Axe
23:33 Castle Age
21:46 Horse Collar
21:59 Gold Mining
22:02 Stone Mining
23:22 Wheelbarrow
22:33 Loom
25:06 Bow Saw
25:00 Fletching
26:09 Hand Cart
32:30 Husbandry
35:56 Imperial Age
36:47 Hand Cart
36:29 Bodkin Arrow
37:34 Bracer
38:55 Chemistry
38:35 Padded Archer Armor
39:23 Ballistics
40:19 Conscription
40:02 Nomads
40:31 Leather Archer Armor
42:15 Hand Cart
42:57 Elite Mangudai
44:33 Scale Barding Armor
Petrus
0:39 Loom
10:36 Feudal Age
14:22 Forging
22:07 Castle Age
20:27 Horse Collar
20:41 Stone Mining
20:49 Gold Mining
21:20 Double-Bit Axe
25:05 Iron Casting
25:28 Pikeman
37:36 Imperial Age
36:06 Gold Shaft Mining
36:07 Stone Shaft Mining
35:43 Bow Saw
35:37 Heavy Plow
37:55 Halberdier
39:44 Blast Furnace
38:45 Scale Mail Armor
yulonglaile
0:31 Loom
11:04 Feudal Age
11:32 Horse Collar
11:40 Double-Bit Axe
22:14 Fletching
23:35 Padded Archer Armor
26:56 Castle Age
28:06 Bow Saw
28:03 Heavy Plow
28:01 Crossbowman
29:20 Stone Mining
30:05 Gold Mining
31:34 Bodkin Arrow
31:56 Leather Archer Armor
32:54 Ballistics
33:41 Treadmill Crane
33:58 Murder Holes
35:41 Thumb Ring
42:53 Gold Shaft Mining
44:14 Wheelbarrow
YB88898
0:38 Loom
12:20 Feudal Age
14:01 Double-Bit Axe
15:59 Horse Collar
23:13 Castle Age
22:09 Forging
22:20 Stone Mining
33:41 Bow Saw
35:54 Wheelbarrow
39:23 Imperial Age
37:29 Gambesons
37:49 Scale Mail Armor
JobsKill
8:52 Loom
13:29 Feudal Age
14:19 Double-Bit Axe
18:55 Fletching
21:01 Gold Mining
23:40 Castle Age
33:39 Bow Saw
33:58 Forging
33:44 Bodkin Arrow
33:54 Elite Skirmisher
37:05 Bloodlines
36:56 Husbandry
*****Hou
11:42 Feudal Age
12:12 Double-Bit Axe
16:09 Loom
19:30 Horse Collar
24:46 Castle Age
23:20 Gold Mining
24:45 Stone Mining
25:47 Bow Saw
25:54 Stone Mining
26:42 Gold Shaft Mining
27:16 Stone Mining
29:37 Heavy Plow
36:18 Wheelbarrow
39:30 Imperial Age
38:14 Stone Shaft Mining
39:23 Forging
40:04 Stirrups
41:40 Scale Barding Armor
42:11 Iron Casting
taokill2025
11:39 Feudal Age
12:04 Man-at-Arms
13:54 Scale Mail Armor
15:51 Double-Bit Axe
18:11 Loom
21:42 Horse Collar
28:02 Castle Age
26:39 Town Watch
26:58 Gold Mining
26:58 Stone Mining
29:06 Bloodlines
29:07 Scale Barding Armor
28:38 Pikeman
31:33 Wheelbarrow
31:28 Stone Mining
31:45 Elite Skirmisher
40:10 Chain Barding Armor
41:36 Bow Saw
46:42 Imperial Age
44:28 Hand Cart
Connection lost

Rejoining the realm…

Still unreachable

The connection could not be restored.

Session expired

The server has moved on; the page needs a fresh start.